 Dungeon Crawl Stone Soup version 0.17.1-1-g73c8601 (webtiles) character file.

142 abixa the Cudgeler (level 5, 0/53 HPs)
             Began as an Ogre Skald on Jan 5, 2016.
             Succumbed to an adder's poison
             ... in a sewer.
             The game lasted 00:13:41 (2281 turns).

abixa the Cudgeler (Ogre Skald)                     Turns: 2281, Time: 00:13:42

Health: 0/53       AC:  3    Str: 17    XL:     5   Next: 25%
Magic:  6/9        EV: 10    Int: 12    God:
Gold:   113        SH:  0    Dex:  9    Spells: 3 memorised, 5 levels left

rFire  + . .     SeeInvis .     j - +1 short sword (venom)
rCold  + . .     Clarity  .     b - +0 robe
rNeg   . . .     SustAt   .     (no shield)
rPois  +         Gourm    .     (helmet restricted)
rElec  +         Spirit   .     (no cloak)
rCorr  +         Warding  .     (gloves unavailable)
rMut   .         Stasis   .     (boots unavailable)
MR     .....                    (no amulet)
Stlth  +.........               (no ring)
                                (no ring)

@: lethally poisoned (0 -> -1), resistant, not resistant to hostile
enchantments, very unstealthy
A: unfitting armour, tough skin 1
a: no special abilities


You were in a sewer.
You were not hungry.

You visited 1 branch of the dungeon, and saw 3 of its levels.
You also visited: Sewer.

You collected 113 gold pieces.

Inventory:

Hand Weapons
 a - a +0 mace
 j - a +1 short sword of venom (weapon)
Missiles
 e - 26 sling bullets
 f - 120 stones (quivered)
 m - 11 poisoned needles
Armour
 b - a +0 robe (worn)
Wands
 q - a wand of random effects (6)
Scrolls
 g - 2 scrolls of remove curse {unknown}
 i - a scroll of fear {unknown}
 o - a scroll of magic mapping {unknown}
 r - a scroll of identify {unknown}
 s - a scroll of enchant armour {unknown}
Potions
 l - a potion of heal wounds {unknown}
 n - a potion of degeneration {unknown}
 p - a potion of haste {unknown}
Books
 c - a book of Battle

   Spells                             Type                      Level
   a - Infusion                       Charms                       1
   b - Shroud of Golubria             Charms/Translocation         2
   c - Song of Slaying                Charms                       2
   d - Spectral Weapon                Hexes/Charms                 3
   e - Regeneration                   Charms/Necromancy            3
Comestibles
 d - a bread ration
 k - a royal jelly


   Skills:
 + Level 3.5 Fighting
 + Level 4.3 Maces & Flails
 - Level 2.0 Dodging
 - Level 3.0 Spellcasting
 + Level 2.9 Charms
 + Level 0.7 Translocations


You had 5 spell levels left.
You knew the following spells:

 Your Spells              Type           Power        Failure   Level  Hunger
a - Infusion              Chrm           #.....       10%         1    #......
b - Song of Slaying       Chrm           #.......     12%         2    ###....
c - Shroud of Golubria    Chrm/Tloc      #.........   17%         2    ###....


Dungeon Overview and Level Annotations

Branches:
Dungeon (3/15)

Altars:

Annotations:
D:3 6 exclusions, Goblin1989's ghost, weakling VSMo; Grinder


Innate Abilities, Weirdness & Mutations

You are too large for most types of armour.
You have tough skin (AC +1).


Message History

The ball python is heavily wounded.
The ball python bites you.
* * * LOW HITPOINT WARNING * * *
You hit the ball python.
You kill the ball python!
You barely miss the kobold.
You feel sick. The kobold hits you with a dagger.
* * * LOW HITPOINT WARNING * * *
Evoke which item? (* to show all) (? for menu, Esc to quit)
Zapping:
q - a wand of random effects {zapped: 17} (will waste charges)
Press: ? - help, Shift-Dir - straight line, f - kobold
Aim: a kobold, wielding a dagger The kobold evaporates and reforms as a giant newt!
Evoking this partially-identified wand wasted a few charges.
The giant newt closely misses you.
You barely miss the giant newt. The giant newt bites you.
* * * LOW HITPOINT WARNING * * *
Drink which item? (? for menu, Esc to quit)
It was a potion of resistance.
You feel protected.
You die...

##### ##### #@l.## ##### ####
##...######..#####.÷∩# ###
###..###......#####..##...######..
#..............K##.......#####....
.#...............KS........##......
.)..........................÷......
.#.................................
.#≈≈≈≈≈≈≈≈........................≈
#≈≈≈≈≈≈≈≈≈≈≈...........≈≈≈≈≈≈≈≈≈≈≈


You could see a giant newt.

Vanquished Creatures
  3 river rats (Sewer)
  4 adders
  4 worms
  3 giant geckos
  3 orcs (D:3)
  7 bats
  2 hobgoblins
  5 jackals
  9 kobolds
  2 ball pythons
  3 giant cockroaches
  2 giant newts
  8 goblins
  14 rats
69 creatures vanquished.

Vanquished Creatures (others)
  A kobold (Sewer)
1 creature vanquished.

Grand Total: 70 creatures vanquished

Notes
Turn   | Place    | Note
--------------------------------------------------------------
     0 | D:1      | abixa the Ogre Skald began the quest for the Orb.
     0 | D:1      | Reached XP level 1. HP: 22/22 MP: 3/3
    88 | D:1      | Reached skill level 3 in Maces & Flails
   150 | D:1      | Reached XP level 2. HP: 29/29 MP: 5/5
   672 | D:1      | Reached XP level 3. HP: 29/37 MP: 2/6
   689 | D:1      | Learned a level 2 spell: Song of Slaying
   692 | D:1      | Learned a level 2 spell: Shroud of Golubria
  1182 | D:2      | Reached skill level 4 in Maces & Flails
  1277 | D:3      | Reached XP level 4. HP: 38/45 MP: 1/8
  1322 | D:3      | Noticed Goblin1989's ghost (weakling VSMo)
  1435 | D:3      | Noticed Grinder
  1439 | D:3      | Noticed Grinder
  1439 | D:3      | Grinder changed into Grinder the crimson imp
  1640 | D:3      | Found a glowing drain.
  1688 | Sewer    | Entered a sewer
  1929 | Sewer    | Reached XP level 5. HP: 43/53 MP: 1/9
  2278 | Sewer    | HP: 2/53 [poisoned by an adder]
  2281 | Sewer    | Succumbed to an adder's poison

Action                   |  1- 3 |  4- 6 || total
-------------------------+-------+-------++-------
Melee: Mace              |    26 |    38 ||    64
       Short sword       |    63 |    85 ||   148
 Cast: Infusion          |    12 |     6 ||    18
       Shroud of Golubri |     4 |     9 ||    13
Evoke: Wand              |       |     7 ||     7
  Use: Potion            |       |     1 ||     1
  Eat: Chunk             |     2 |     4 ||     6
